 Dungeon Crawl Stone Soup version 0.30-a0-772-g5528072125 (webtiles) character file.

Game seed: 3090640199342685704

60 jimonade the Cudgeller (level 4, -1/44 HPs)
             Began as an Ogre Warper on Feb 13, 2023.
             Slain by Ijyb
             ... wielding a +0 club
              (3 damage)
             ... on level 3 of the Dungeon.
             The game lasted 00:02:44 (1893 turns).

jimonade the Cudgeller (Ogre Warper)                Turns: 1893, Time: 00:02:44

Health: -1/44      AC:  3    Str: 17    XL:     4   Next: 6%
Magic:  7/7        EV: 10    Int: 14    God:
Gold:   158        SH:  0    Dex:  8    Spells: 7/7 levels left

rFire   . . .      SeeInvis .    a - +0 mace
rCold   . . .      Faith    .    (no shield)
rNeg    . . .      Spirit   .    b - +0 robe
rPois   .          Reflect  .    (helmet restricted)
rElec   .          Harm     .    (no cloak)
rCorr   .          Rampage  .    (gloves unavailable)
Will    .....                    (boots unavailable)
Stlth   +                        (no amulet)
HPRegen 0.27/turn                (no ring)
MPRegen 0.10/turn                (no ring)

@: no status effects
A: large, unfitting armour, tough skin 1
a: no special abilities


You were on level 3 of the Dungeon.
You visited 1 branch of the dungeon, and saw 3 of its levels.

You collected 158 gold pieces.

Inventory:

Hand Weapons
 a - a +0 mace (weapon)
 l - a +0 sling
 n - a +0 whip
Missiles
 d - 7 boomerangs of dispersal (quivered)
 f - 7 poisoned darts
 h - 24 stones
 r - 3 datura-tipped darts
 t - 5 boomerangs
Armour
 b - a +0 robe (worn)
Scrolls
 c - a scroll of blinking
 e - 2 scrolls of fear {unknown}
 j - a scroll of immolation {unknown}
 k - a scroll of torment {unknown}
 q - a scroll of amnesia {unknown}
 u - a scroll of identify {unknown}
 v - a scroll of teleportation {unknown}
Potions
 g - a potion of resistance {unknown}
 i - 3 potions of curing {unknown}
 m - 3 potions of haste {unknown}
 o - a potion of degeneration {unknown}
 p - a potion of berserk rage {unknown}
 s - a potion of cancellation {unknown}
 w - a potion of flight {unknown}


   Skills:
 + Level 2.8 Fighting
 * Level 3.2 Maces & Flails
 + Level 1.0 Throwing
 + Level 2.3 Dodging
 + Level 0.5 Stealth
 + Level 2.4 Spellcasting
 + Level 3.0 Translocations


You had 7 spell levels left.
You didn't know any spells.
Your spell library contained the following spells:

 Spells                   Type           Power      Damage    Failure   Level
 Blink                    Tloc           20%        N/A       10%         2
 Lesser Beckoning         Tloc           20%        N/A       10%         2
 Teleport Other           Tloc           10%        N/A       21%         3
 Freeze                   Ice            4%         1d3       22%         1
 Shock                    Conj/Air       4%         1d3       22%         1
 Vhi's Electric Charge    Tloc/Air       10%        N/A       36%         3
 Manifold Assault         Tloc           10%        N/A       54%         4
 Swiftness                Air            1%         N/A       56%         3
 Airstrike                Air            0%         2d(1-17)  92%         4
 Freezing Cloud           Conj/Ice/Air   0%         6-21      99%         5


Dungeon Overview and Level Annotations

Branches:
Dungeon (3/15)

Altars:
Nemelex Xobeh

Annotations:
D:3 Ijyb


Innate Abilities, Weirdness & Mutations

You are too large for most types of armour.
You have tough skin. (AC +1)


Message History

The goblin closely misses you. The goblin hits you but does no damage.
You sock the goblin!
You kill the goblin!
No target in view!
Things that are here:
a +0 club; a +0 ring mail; a goblin corpse
Found an escape hatch in the floor.
You now have 158 gold pieces (gained 16).
There is an escape hatch in the floor here.
Found a stone staircase leading down.
No target in view!
Found a stone staircase leading down.
Ijyb the Twisted Goblin comes into view.
She is wielding a +0 club and carrying a wand of flame (7).
Ijyb shouts!
Ijyb zaps a wand.
The puff of flame hits you!
Ijyb zaps a wand.
The puff of flame hits you!
Ijyb zaps a wand.
The puff of flame hits you.
Ijyb zaps a wand.
The puff of flame hits you!
There is a stone staircase leading down here.
Ijyb completely misses you.
You barely miss Ijyb. Ijyb closely misses you.
You closely miss Ijyb.
Ijyb zaps a wand.
The puff of flame hits you!
* * * LOW HITPOINT WARNING * * *
You closely miss Ijyb. Ijyb hits you with a +0 club.
* * * LOW HITPOINT WARNING * * *
Ijyb hits you with a +0 club.
* * * LOW HITPOINT WARNING * * *
You hit Ijyb.
Ijyb is lightly wounded.
Ijyb barely misses you.
You sock Ijyb!
Ijyb is heavily wounded.
Ijyb misses you.
You barely miss Ijyb.
Ijyb is heavily wounded.
Ijyb closely misses you.
You sock Ijyb!
Ijyb is severely wounded.
Ijyb hits you with a +0 club.
You die...

#.<÷.......####.#.######
#..........# #.........#
#†........## ##.######.#
..#......## #.#
########## ###.# #
###...# ####...###
#..>...#########
#......>@g......
#......#########
########


You could see Ijyb.

Vanquished Creatures
  A worm (D:3)
  2 dart slugs (D:1)
  5 endoplasms
  A giant cockroach (D:1)
  8 hobgoblins
  3 jackals (D:1)
  8 kobolds
  4 quokkas
  3 ball pythons
  3 bats
  7 frilled lizards
  2 goblins
  3 rats
50 creatures vanquished.

Notes
Turn   | Place    | Note
-------+----------+-------------------------------------------
     0 | D:1      | jimonade the Ogre Warper began the quest for the Orb.
     0 | D:1      | Reached XP level 1. HP: 22/22 MP: 3/3
    99 | D:1      | Reached XP level 2. HP: 10/29 MP: 5/5
   399 | D:1      | Reached XP level 3. HP: 35/36 MP: 6/6
   860 | D:2      | Found a sparkling altar of Nemelex Xobeh.
  1561 | D:3      | Got Sif Muna's Elucidation of the Chilly Welkin
  1587 | D:3      | Reached XP level 4. HP: 19/44 MP: 7/7
  1881 | D:3      | Noticed Ijyb
  1889 | D:3      | HP: 2/44 [Ijyb/+0 club (4)]
  1893 | D:3      | Slain by Ijyb

Illustrated notes

Levels and vault maps discovered:
D:1:      onia_arrival_pyramid, layout_rooms
D:2:      layout_loops_ring, basic_altar
D:3:      layout_rooms, uniq_ijyb

Skill      XL: |  1  2  3 |
---------------+----------+-----
Maces & Flails | 2 3 |  3.2
Translocations | 3 |  3.0
Fighting       | |  2.8
Throwing       | |  1.0
Dodging        | |  2.3
Stealth        | |  0.5
Spellcasting   | |  2.4

Action                     |  1- 3 |  4- 6 || total
---------------------------+-------+-------++-------
  Melee: Mace              |   166 |    16 ||   182
         Punch             |     2 |       ||     2
 Armour: Robe              |    54 |     1 ||    55
  Dodge: Dodged            |    99 |    11 ||   110

Table legend: (Time is in decaauts)
 A = Elapsed time spent in this place.
 B = Non-inter-level travel time spent in this place.
 C = Inter-level travel time spent in this place.
 D = Time resting spent in this place.
 E = Time spent auto-exploring this place.
 F = Levels seen in this place.
 G = Mean time per level.
                   A        B        C        D        E       F      G
               +--------+--------+--------+--------+--------+-----+--------+
         Total |   1941 |   1824 |    117 |      0 |   1382 |   3 |  647.0 |
       Dungeon |   1941 |   1824 |    117 |      0 |   1382 |   3 |  647.0 |
               +--------+--------+--------+--------+--------+-----+--------+

Top non-repeatable levels by time:
     D:2: 769 daAuts
     D:1: 714 daAuts
     D:3: 458 daAuts
